AoeStats
← Cruizinblind

Oasis

509447548Analyzed
4v4 RM · 6d ago on Sep 26, 2026· 52m 18s· 8 players
Game mode
Random Map
Map size
Large (8 player)
Population
200
Speed
Normal
Resources
Standard
Victory
Conquest
Starting age
Dark Age
Ending age
Imperial Age
RankedLock teamsTeams togetherTeam positionsShared explorationLock speedFull tech treeHidden civsTurbo modeCheats
Victory
Defeat
🇷🇺 Magyars · Russia
928
+15
🇬🇧 Mongols · United Kingdom
866
+17
🇫🇷 Spanish · France
840
+19
🇨🇳 Romans · China
836
+19
🇨🇳 Mongols · China
930
-19
🇬🇧 Britons · United Kingdom
895
-17
🇳🇱 Burgundians · Netherlands
889
-48
🇨🇳 Huns · China
879
-17
￰￰
13:55 Feudal Age
20:07 Castle Age
18:55 Scale Barding Armor
18:43 Fletching
19:00 Horse Collar
19:08 Double-Bit Axe
19:52 Gold Mining
20:20 Forging
21:00 Padded Archer Armor
22:38 Chain Barding Armor
23:53 Heavy Plow
24:53 Wheelbarrow
26:52 Iron Casting
28:24 Gold Shaft Mining
27:39 Stone Mining
28:08 Leather Archer Armor
29:55 Hand Cart
30:35 Bodkin Arrow
30:50 Thumb Ring
32:49 Ballistics
36:59 Imperial Age
37:27 Caravan
37:26 Heavy Cavalry Archer
38:48 Parthian Tactics
39:37 Chemistry
39:20 Plate Barding Armor
39:47 Blast Furnace
40:44 Bracer
52:03 Husbandry
52:14 Bloodlines
51:26 Cavalier
Keeper
2:58 Loom
11:38 Feudal Age
15:34 Castle Age
13:43 Double-Bit Axe
16:09 Town Watch
17:21 Bow Saw
21:29 Horse Collar
21:32 Horse Collar
23:43 Heavy Plow
25:29 Wheelbarrow
25:01 Gold Mining
27:36 Gold Shaft Mining
26:51 Stone Mining
32:20 Imperial Age
30:06 Hand Cart
29:52 Town Patrol
31:17 Stone Shaft Mining
31:14 Bloodlines
30:25 Light Cavalry
31:05 Husbandry
31:09 Padded Archer Armor
31:00 Fletching
31:58 Scale Barding Armor
32:04 Forging
32:10 Leather Archer Armor
33:30 Chain Barding Armor
33:05 Bodkin Arrow
33:35 Conscription
33:40 Hussar
35:23 Chemistry
35:14 Iron Casting
34:55 Elite Mangudai
36:07 Ballistics
37:31 Bracer
44:48 Blast Furnace
Miss Priss
13:10 Feudal Age
12:37 Loom
15:10 Wheelbarrow
14:25 Town Watch
14:32 Double-Bit Axe
14:41 Gold Mining
22:28 Castle Age
24:52 Stone Mining
25:38 Hand Cart
25:19 Horse Collar
26:46 Caravan
30:22 Forging
30:18 Scale Barding Armor
32:53 Gold Shaft Mining
33:03 Heavy Plow
36:44 Husbandry
43:03 Imperial Age
44:20 Iron Casting
44:06 Chain Barding Armor
43:16 Cavalier
Pudgwes
14:30 Feudal Age
14:09 Loom
15:47 Wheelbarrow
15:59 Man-at-Arms
16:27 Town Watch
22:34 Gold Mining
22:35 Stone Mining
40:31 Castle Age
39:01 Hand Cart
39:24 Arson
40:27 Horse Collar
41:08 Forging
41:04 Scale Barding Armor
40:59 Padded Archer Armor
40:50 Fletching
41:01 Scale Mail Armor
41:42 Gold Shaft Mining
41:42 Stone Shaft Mining
40:53 Long Swordsman
40:53 Pikeman
41:34 Squires
41:37 Heavy Plow
42:29 Double-Bit Axe
Cruizinblind
0:32 Loom
10:54 Feudal Age
18:30 Castle Age
17:04 Double-Bit Axe
18:19 Horse Collar
18:54 Crossbowman
22:02 Thumb Ring
23:54 Fletching
25:34 Padded Archer Armor
25:52 Pikeman
27:33 Bodkin Arrow
29:17 Squires
30:03 Ballistics
31:36 Wheelbarrow
33:34 Imperial Age
30:59 Gold Mining
31:54 Forging
32:25 Bow Saw
32:46 Scale Mail Armor
33:04 Heavy Plow
34:14 Bloodlines
34:50 Conscription
36:11 Chemistry
36:01 Gold Shaft Mining
35:57 Arson
36:16 Husbandry
36:37 Cavalier
37:48 Capped Ram
38:21 Elite Mangudai
39:46 Bracer
40:38 Hand Cart
41:12 Drill
40:16 Man-at-Arms
42:51 Siege Ram
44:29 Iron Casting
44:11 Chain Mail Armor
44:13 Leather Archer Armor
44:15 Long Swordsman
48:36 Plate Mail Armor
49:07 Blast Furnace
48:27 Caravan
48:51 Two-Handed Swordsman
牛胜newsheng8
11:00 Loom
13:55 Feudal Age
14:23 Double-Bit Axe
14:22 Horse Collar
18:56 Arson
20:42 Wheelbarrow
19:54 Town Watch
21:19 Gold Mining
24:23 Castle Age
22:19 Stone Mining
22:37 Scale Mail Armor
23:24 Forging
23:12 Fletching
24:35 Scale Barding Armor
24:31 Padded Archer Armor
26:01 Stone Shaft Mining
26:41 Chain Mail Armor
26:43 Leather Archer Armor
31:09 Bodkin Arrow
33:42 Bow Saw
33:48 Heavy Plow
34:44 Inquisition
37:06 Chain Barding Armor
37:22 Iron Casting
37:25 Hand Cart
38:29 Town Patrol
42:05 Imperial Age
42:11 Elite Conquistador
43:16 Supremacy
43:17 Conscription
44:07 Chemistry
43:18 Fortified Wall
43:05 Murder Holes
44:17 Two-Man Saw
43:57 Plate Barding Armor
46:19 Plate Mail Armor
45:49 Bracer
46:50 Blast Furnace
46:21 Ring Archer Armor
48:12 Guilds
48:32 Coinage
48:03 Caravan
枯萎一直在
11:50 Feudal Age
14:40 Double-Bit Axe
18:59 Castle Age
17:25 Man-at-Arms
21:58 Horse Collar
23:39 Heavy Plow
23:52 Bow Saw
24:34 Long Swordsman
29:07 Wheelbarrow
28:33 Gold Mining
28:35 Stone Mining
30:06 Hand Cart
31:06 Loom
33:57 Imperial Age
33:25 Caravan
33:44 Scale Mail Armor
33:49 Squires
34:02 Bloodlines
33:53 Husbandry
34:18 Ballistics
34:09 Masonry
34:43 Gold Shaft Mining
35:22 Crop Rotation
36:19 Conscription
36:04 Legionary
37:11 Chain Mail Armor
37:09 Forging
41:37 Iron Casting
40:53 Fletching
41:03 Padded Archer Armor
42:47 Bodkin Arrow
43:27 Ballistas
45:44 Blast Furnace
45:11 Heavy Scorpion
50:44 Chemistry
51:14 Leather Archer Armor
51:58 Comitatenses
shamannking1993
5:14 Loom
13:52 Feudal Age
14:43 Horse Collar
20:14 Castle Age
18:13 Double-Bit Axe
18:50 Gold Mining
19:03 Stone Mining
20:58 Wheelbarrow
23:13 Hand Cart
28:09 Bow Saw
28:04 Heavy Plow
29:17 Caravan
32:34 Imperial Age
31:01 Corvinian Army
32:57 Fletching
33:08 Padded Archer Armor
33:09 Scale Mail Armor
33:14 Scale Barding Armor
34:15 Two-Man Saw
32:47 Elite Magyar Huszar
33:48 Conscription
33:53 Bodkin Arrow
34:02 Recurve Bow
34:14 Recurve Bow
34:20 Heavy Cavalry Archer
34:44 Light Cavalry
35:36 Bloodlines
35:46 Leather Archer Armor
35:47 Chain Mail Armor
36:10 Parthian Tactics
36:00 Husbandry
35:52 Cavalier
37:13 Ballistics
37:54 Chemistry
36:35 Treadmill Crane
36:46 Hussar
42:05 Paladin
44:05 Bracer
Connection lost

Rejoining the realm…

Still unreachable

The connection could not be restored.

Session expired

The server has moved on; the page needs a fresh start.